 Dungeon Crawl Stone Soup version 0.30-a0-728-gc68057be0a (webtiles) character file.

Game seed: 13293468158919571731

67 hikkokomori the Conjurer (level 4, 0/27 HPs)
             Began as a Tengu Reaver on Feb 1, 2023.
             Slain by Grinder (4 damage)
             ... while paralysed by Grinder
             ... on level 3 of the Dungeon.
             The game lasted 00:04:00 (1370 turns).

hikkokomori the Conjurer (Tengu Reaver)             Turns: 1370, Time: 00:04:01

Health: 0/27       AC:  3    Str: 12    XL:     4   Next: 16%
Magic:  3/8        EV:  2    Int: 13    God:
Gold:   138        SH:  0    Dex: 15    Spells: 1/7 levels left

rFire   . . .      SeeInvis .    a - +0 falchion
rCold   . . .      Faith    .    (no shield)
rNeg    . . .      Spirit   .    b - +0 leather armour
rPois   .          Reflect  .    (helmet restricted)
rElec   .          Harm     .    (no cloak)
rCorr   .          Rampage  .    (no gloves)
Will    .....                    (boots unavailable)
Stlth   +                        (no amulet)
HPRegen 0.24/turn                (no ring)
MPRegen 0.11/turn                (no ring)

@: paralysed
A: beak, talons 3
a: no special abilities


You were on level 3 of the Dungeon.
You visited 1 branch of the dungeon, and saw 3 of its levels.

You collected 138 gold pieces.

Inventory:

Hand Weapons
 a - a +0 falchion (weapon)
Armour
 b - a +0 leather armour (worn)
Scrolls
 d - 2 scrolls of identify
 e - a scroll of immolation {unknown}
 g - a scroll of enchant armour {unknown}
 i - a scroll of butterflies {unknown}
 j - a scroll of magic mapping {unknown}
Potions
 c - 2 potions of curing
 f - a potion of flight {unknown}
 h - a potion of haste {unknown}


   Skills:
 + Level 2.5 Fighting
 + Level 3.8 Long Blades
 - Level 2.5 Dodging
 + Level 0.6 Stealth
 + Level 2.4 Spellcasting
 + Level 4.5 Conjurations
 + Level 0.4 Translocations


You had one spell level left.
You knew the following spells:

 Your Spells              Type           Power      Damage    Failure   Level
a - Kiss of Death         Conj/Necr      28%        2d7       12%         1
b - Vhi's Electric Charg  Tloc/Air       4%         N/A       65%         3
c - Momentum Strike       Conj/Tloc      16%        3d8       17%         2

Your spell library contained the following spells:

 Spells                   Type           Power      Damage    Failure   Level
 Blink                    Tloc           4%         N/A       36%         2
 Lesser Beckoning         Tloc           4%         N/A       36%         2
 Hailstorm                Conj/Ice       7%         3d4       36%         3
 Arcjolt                  Conj/Air       3%         1d13      98%         5
 Maxwell's Capacitive Co  Air            0%         ∞         100%        8


Dungeon Overview and Level Annotations

Branches:
Dungeon (3/15)

Altars:

Shops:
D:1 [

Annotations:
D:3 Grinder


Innate Abilities, Weirdness & Mutations

You have a beak for a mouth.
You have claws for feet.


Message History

You are very lightly contaminated with residual magic.
Nothing appears to happen.
Casting: Momentum Strike (safe; 17% risk of failure)
Confirm with . or Enter, or press ? or * to list all spells.
Aiming: Momentum Strike (safe; 17% risk of failure)
Press: ? - help, Dir - move target, f/p - Grinder
Aim: Grinder (moderately wounded, 64% to hit)
The concentrated momentum hits Grinder!
Grinder is severely wounded.
You are unable to move.
Grinder gestures at you.
You barely resist. You hit Grinder but do no damage. You peck Grinder.
Grinder is severely wounded.
Grinder closely misses you.
You hit Grinder but do no damage. You claw Grinder. Your peck misses Grinder.
Grinder is severely wounded.
Grinder hits you.
You writhe in agony.
You closely miss Grinder. Your kick misses Grinder.
Grinder is severely wounded.
Grinder hits you.
You writhe in agony.
You are too injured to fight recklessly!
You are too injured to fight recklessly!
Okay, then.
You barely miss Grinder. You claw Grinder.
Grinder is almost dead.
Grinder gestures at you. Pain shoots through your body!
* * * LOW HITPOINT WARNING * * *
You feel better.
You are no longer robbed of momentum.
Grinder gestures at you.
You suddenly lose the ability to move!
Your magical contamination has completely faded away.
Grinder hits you!
* * * LOW HITPOINT WARNING * * *
You writhe in agony.
* * * LOW HITPOINT WARNING * * *
Grinder hits you.
You die...

.## ##....# ##
##...# #..... #
##.## #......
#.## ....... #..#
.......
#†.###....... #
##....#....... ##
##..##.#5......
.##
##...##.@.......
8.##
##.8..##.###.....
...#####.....##.#
###
................#
###...........###
#############


You could see Grinder.

Vanquished Creatures
  2 adders (D:2)
  3 dart slugs
  3 ball pythons
  3 endoplasms
  2 giant cockroaches (D:1)
  5 goblins
  2 hobgoblins (D:1)
  4 jackals (D:1)
  3 kobolds
  2 quokkas (D:1)
  5 bats
  2 frilled lizards (D:1)
  5 rats
41 creatures vanquished.

Notes
Turn   | Place    | Note
-------+----------+-------------------------------------------
     0 | D:1      | hikkokomori the Tengu Reaver began the quest for the Orb.
     0 | D:1      | Reached XP level 1. HP: 12/12 MP: 4/4
    97 | D:1      | Reached XP level 2. HP: 9/17 MP: 6/6
   167 | D:1      | Found Reomelou's Antique Armour Emporium.
   357 | D:1      | Reached XP level 3. HP: 17/21 MP: 7/7
   555 | D:1      | Learned a level 3 spell: Vhi's Electric Charge
   558 | D:1      | Learned a level 2 spell: Momentum Strike
   781 | D:2      | Found a faded altar of an unknown god.
  1072 | D:2      | Reached XP level 4. HP: 23/27 MP: 8/8
  1347 | D:3      | Noticed Grinder
  1352 | D:3      | Paralysed by Grinder for 2 turns
  1368 | D:3      | Paralysed by Grinder for 4 turns
  1370 | D:3      | Slain by Grinder

Illustrated notes

Levels and vault maps discovered:
D:1:      roderic_octagonal_star, layout_rooms, serial_shops, shop,
          grunt_decor_one_mirror, minmay_pentomino_p2
D:2:      layout_basic, ebering_ecumenical_altar_abandoned, minivault_19
D:3:      layout_rooms, nicolae_overflow_ecumenical_swirl,
          mainiacjoe_overflow_catwalk,
          hellmonk_okawaru_the_only_friend_you_need, nicolae_hexahallways,
          uniq_natasha, uniq_ijyb, uniq_grinder, uniq_sigmund

Action                     |  1- 3 |  4- 6 || total
---------------------------+-------+-------++-------
  Melee: Falchion          |    85 |    17 ||   102
         Kick              |    13 |     4 ||    17
         Peck              |    14 |     4 ||    18
         Punch             |     1 |       ||     1
   Cast: Momentum Strike   |       |     2 ||     2
    Use: Scroll            |       |     1 ||     1
         Potion            |       |     1 ||     1
   Stab: Sleeping          |     3 |     1 ||     4
 Armour: Leather armour    |    30 |     4 ||    34
  Dodge: Dodged            |    52 |     7 ||    59

Table legend: (Time is in decaauts)
 A = Elapsed time spent in this place.
 B = Non-inter-level travel time spent in this place.
 C = Inter-level travel time spent in this place.
 D = Time resting spent in this place.
 E = Time spent auto-exploring this place.
 F = Levels seen in this place.
 G = Mean time per level.
                   A        B        C        D        E       F      G
               +--------+--------+--------+--------+--------+-----+--------+
         Total |   1382 |   1251 |    131 |      0 |    984 |   3 |  460.7 |
       Dungeon |   1382 |   1251 |    131 |      0 |    984 |   3 |  460.7 |
               +--------+--------+--------+--------+--------+-----+--------+

Top non-repeatable levels by time:
     D:2: 682 daAuts
     D:1: 582 daAuts
     D:3: 117 daAuts
